 Dungeon Crawl Stone Soup version 0.16.1-29-g3e760ad (webtiles) character file.

2539 hannobal the Basher (level 9, -1/88 HPs)
             Began as an Ogre Hunter on June 11, 2015.
             Was a Priest of Elyvilon.
             Slain by a polar bear (shapeshifter) (16 damage)
             ... on level 8 of the Dungeon.
             The game lasted 00:36:56 (9102 turns).

hannobal the Basher (Ogre Hunter)                   Turns: 9102, Time: 00:36:56

Health: -1/88      AC:  4    Str: 19    XL:     9   Next: 55%
Magic:  11/11      EV: 14    Int: 10    God:    Elyvilon [***...]
Gold:   427        SH:  0    Dex: 13    Spells: 0 memorised, 8 levels left

rFire  . . .     SeeInvis .     a - +0 giant spiked club
rCold  + . .     Clarity  .     n - +0 animal skin
rNeg   . . .     SustAb   .     (shield restricted)
rPois  .         Gourm    .     (helmet restricted)
rElec  .         Spirit   .     q - +0 cloak
rCorr  .         Warding  .     (gloves unavailable)
rMut   .         Stasis   .     (boots unavailable)
MR     .....                    (no amulet)
Stlth  +.........               h - +4 ring of evasion
                                t - ring of protection from cold

@: not resistant to hostile enchantments, very unstealthy
A: unfitting armour, tough skin 1
a: Lesser Healing, Divine Protection, Heal Other, Purification, Renounce
Religion


You were on level 8 of the Dungeon.
You worshipped Elyvilon.
Elyvilon was most pleased with you.
You were very hungry.

You visited 2 branches of the dungeon, and saw 9 of its levels.

You collected 427 gold pieces.

Inventory:

Hand weapons
 a - a +0 giant spiked club (weapon)
 b - a +0 blowgun
 e - a +1 flail of protection
 s - a +0 trident
 x - a +0 hunting sling
 y - a +2 quarterstaff of crushing
Missiles
 c - 99 arrows
 d - 11 tomahawks (quivered)
 o - 51 poisoned needles
 w - 58 bolts
 E - 200 stones
 F - 17 sling bullets of frost
 J - 13 sling bullets
 K - 11 poisoned arrows
Armour
 n - a +0 animal skin (worn)
 q - a +0 cloak (worn)
Jewellery
 g - an uncursed ring of teleportation
 h - a +4 ring of evasion (right hand)
 t - a ring of protection from cold (left hand)
 v - an uncursed ring of protection from cold
Magical devices
 l - a wand of disintegration (10)
 z - a wand of slowing (18)
 A - a wand of flame (28)
Scrolls
 k - a scroll of magic mapping
 p - 2 scrolls of recharging
 r - a scroll of remove curse
 u - 2 scrolls of fog
 B - 2 scrolls of amnesia
 D - a scroll of teleportation
 H - a scroll of fear
Potions
 j - a potion of poison
 C - a potion of curing
 G - a potion of flight
Comestibles
 f - 5 meat rations
 i - 9 bread rations
 m - a beef jerky


   Skills:
 - Level 5.2 Fighting
 + Level 13.6 Maces & Flails
 - Level 7.0 Throwing
 - Level 1.7 Dodging
 - Level 0.7 Stealth
 - Level 1.6 Invocations


You had 8 spell levels left.
You didn't know any spells.

Dungeon Overview and Level Annotations

Branches:
Dungeon (8/15)             Temple (1/1) D:5
   Lair: D:8-11

Altars:
Ashenzari
Cheibriados
Dithmenos
Elyvilon
Fedhas
Gozag
Kikubaaqudgha
Nemelex Xobeh
Okawaru
Qazlal
Ru
Sif Muna
Trog
Vehumet
Xom
Yredelemnul
Zin
The Shining One
Lugonu

Shops:
D:4 (   D:7 *


Innate Abilities, Weirdness & Mutations

You are too large for most types of armour.
You have tough skin (AC +1).


Message History

The polar bear goes berserk!
You barely miss the polar bear.
The polar bear is severely wounded.
The polar bear bites you. The polar bear claws you. The polar bear claws you.
The polar bear misses you. The polar bear claws you. The polar bear claws you.
You are too injured to fight recklessly!
You are too injured to fight recklessly!
You hit the polar bear but do no damage.
The polar bear is severely wounded.
The polar bear bites you!!
* * * LOW HITPOINT WARNING * * *
The polar bear closely misses you. The polar bear claws you.
* * * LOW HITPOINT WARNING * * *
The polar bear closely misses you. x2
The polar bear claws you.
* * * LOW HITPOINT WARNING * * *
Read which item? (? for menu, Esc to quit)
As you read the scroll of fear, it crumbles to dust.
You assume a fearsome visage.
The polar bear bites you!
You die...

#.# #.# #.# #.#
#.# #.# #.# ##.#
###
#.########..##..
##
............#.#
.#
##########..'.#
.# ####.###h#
##..@# #####


You could see a polar bear (berserk).

Vanquished Creatures
  Joseph (D:7)
  A spriggan (D:7)
  A hippogriff (D:8)
  Menkaure (D:7)
  An ice beast (D:8)
  A black bear (D:6)
  A sky beast (D:6)
  A necrophage (D:6)
  4 ogres
  A phantom (D:7)
  A giant frog (D:6)
  A water moccasin skeleton (D:7)
  A centaur zombie (D:7)
  5 crimson imps
  A centaur skeleton (D:4)
  A hound (D:5)
  A jelly (D:4)
  2 orc priests
  A giant frog skeleton (D:6)
  4 worker ants
  A gnoll shaman (D:4)
  2 iguanas (D:4)
  2 orc wizards
  Ijyb (D:5)
  A hound skeleton (D:5)
  10 adders
  5 gnolls (D:4)
  2 shadow imps
  4 worms
  5 giant geckos
  An ooze (D:4)
  14 orcs
  3 giant cockroaches
  17 goblins
  11 hobgoblins
  23 kobolds
  A quokka (D:4)
  A ball python (D:5)
  12 bats
  5 giant newts
  11 jackals
  A quokka zombie (D:5)
  13 rats
177 creatures vanquished.

Notes
Turn   | Place    | Note
--------------------------------------------------------------
     0 | D:1      | hannobal, the Ogre Hunter, began the quest for the Orb.
     0 | D:1      | Reached XP level 1. HP: 22/22 MP: 1/1
   245 | D:1      | Reached XP level 2. HP: 31/31 MP: 2/2
   329 | D:1      | Reached skill level 1 in Maces & Flails
   916 | D:1      | Reached XP level 3. HP: 37/37 MP: 3/3
  1556 | D:2      | Found a white marble altar of Elyvilon.
  1564 | D:2      | Became a worshipper of Elyvilon the Healer
  1582 | D:2      | Found an ancient bone altar of Kikubaaqudgha.
  2036 | D:2      | Reached XP level 4. HP: 46/46 MP: 4/4
  2218 | D:2      | Found a glowing golden altar of the Shining One.
  2468 | D:2      | Found a shadowy altar of Dithmenos.
  2604 | D:2      | Acquired Elyvilon's first power
  2856 | D:3      | Found an opulent altar of Gozag.
  2866 | D:3      | Reached skill level 1 in Invocations
  2973 | D:3      | Found a sacrificial altar of Ru.
  2974 | D:3      | Found a bloodstained altar of Trog.
  3064 | D:3      | Found a snail-covered altar of Cheibriados.
  3517 | D:3      | Found a shadowy altar of Dithmenos.
  3663 | D:4      | Reached skill level 5 in Maces & Flails
  3663 | D:4      | Reached XP level 5. HP: 53/53 MP: 6/6
  3820 | D:4      | Found Khostray's Weapon Emporium.
  3933 | D:4      | Reached skill level 6 in Maces & Flails
  4169 | D:4      | Reached XP level 6. HP: 61/61 MP: 7/7
  4455 | D:4      | Found a shimmering altar of Xom.
  4462 | D:4      | Reached skill level 7 in Maces & Flails
  4677 | D:4      | Reached skill level 8 in Maces & Flails
  5081 | D:5      | Entered Level 5 of the Dungeon
  5101 | D:5      | Noticed Ijyb
  5119 | D:5      | Killed Ijyb
  5216 | D:5      | Acquired Elyvilon's second power
  5242 | D:5      | Reached XP level 7. HP: 61/67 MP: 8/8
  5402 | D:5      | Found a staircase to the Ecumenical Temple.
  5411 | Temple   | Entered the Ecumenical Temple
  5531 | D:5      | Reached skill level 9 in Maces & Flails
  5985 | D:5      | Reached skill level 10 in Maces & Flails
  6180 | D:6      | Found a basalt altar of Yredelemnul.
  6222 | D:6      | Reached XP level 8. HP: 66/76 MP: 10/10
  6410 | D:6      | Reached skill level 11 in Maces & Flails
  7051 | D:6      | Found a shattered altar of Ashenzari.
  7403 | D:6      | Reached skill level 12 in Maces & Flails
  7449 | D:6      | Acquired Elyvilon's third power
  7536 | D:7      | Found an opulent altar of Gozag.
  7701 | D:7      | Found Gozag's Platinum Reserve.
  7922 | D:7      | Reached skill level 13 in Maces & Flails
  8091 | D:7      | Noticed Joseph
  8182 | D:7      | Killed Joseph
  8182 | D:7      | Reached XP level 9. HP: 34/83 MP: 11/11
  8648 | D:7      | Found a radiant altar of Vehumet.
  8692 | D:7      | Noticed Menkaure
  8697 | D:7      | Killed Menkaure
  8753 | D:7      | Reached skill level 5 in Fighting
  9102 | D:8      | Slain by a polar bear (shapeshifter)

Action                   |  1- 3 |  4- 6 |  7- 9 || total
-------------------------+-------+-------+-------++-------
Melee: Club              |    17 |       |       ||    17
       Whip              |   112 |    54 |       ||   166
       Spear             |     4 |       |       ||     4
       Mace              |       |    50 |    31 ||    81
       Quarterstaff      |       |   106 |       ||   106
       Giant club        |       |       |    12 ||    12
       Giant spiked club |       |       |   167 ||   167
 Fire: Hunting sling     |     1 |       |       ||     1
Throw: Large rock        |    20 |    29 |    21 ||    70
       Throwing net      |     3 |     1 |     1 ||     5
       Stone             |    12 |     9 |     3 ||    24
       Tomahawk          |       |       |    27 ||    27
Invok: Lesser Healing    |       |     4 |       ||     4
       Heal Other        |       |       |     2 ||     2
       Purification      |       |       |     1 ||     1
  Use: Scroll            |     5 |     6 |     8 ||    19
       Potion            |     3 |     2 |     2 ||     7
 Stab: Held in net/web   |     1 |       |       ||     1
       Sleeping          |       |       |     1 ||     1
  Eat: Chunk             |     4 |    12 |     9 ||    25
       Pizza             |       |       |     1 ||     1
       Beef jerky        |       |       |     1 ||     1
